 Dungeon Crawl Stone Soup version 0.31-a0-559-g03b8d61ab2 (webtiles) character file.

Game seed: 17469443132144420822

94 Ethylacetat the Ducker (level 4, -2/31 HPs)
             Began as an Octopode Gladiator on Aug 17, 2023.
             Was an Initiate of Gozag.
             Slain by an orc
             ... wielding a +0 mace
              (7 damage)
             ... on level 2 of the Dungeon.
             The game lasted 00:02:24 (1570 turns).

Ethylacetat the Ducker (Octopode Gladiator)         Turns: 1570, Time: 00:02:25

Health: -2/31      AC:  1    Str: 13    XL:     4   Next: 63%
Magic:  4/4        EV: 14    Int: 10    God:    Gozag
Gold:   134        SH:  0    Dex: 15    Spells: 3/3 levels left

rFire   . .          .
                       - Unarmed
rCold   . . .        (no shield)
rNeg    . . .        a - +0 hat
rPois   .            (no amulet)
rElec   .            (no ring)
rCorr   .            (no ring)
SInv    .            (no ring)
Will    .....        (no ring)
Stlth   ++           (no ring)
HPRegen 0.25/turn    (no ring)
MPRegen 0.09/turn    (no ring)
                     (no ring)

%: no passive effects
@: no status effects
A: almost no armour, amphibious, 8 rings, camouflage 1, gelatinous body 1,
(nimble swimmer 1), tentacles
a: Renounce Religion, Potion Petition, Call Merchant, Bribe Branch


You were on level 2 of the Dungeon.
You worshipped Gozag.
Gozag was aware of your devotion.
You visited 1 branch of the dungeon, and saw 3 of its levels.

You collected 134 gold pieces.

Inventory:

Missiles
 b - 4 throwing nets (quivered)
 c - a javelin
Armour
 a - a +0 hat (worn)
Jewellery
 d - an amulet of guardian spirit
Scrolls
 e - 3 scrolls of teleportation {unknown}
 g - a scroll of revelation {unknown}
 h - a scroll of enchant weapon {unknown}
Potions
 f - 2 potions of curing {unknown}


   Skills:
 + Level 3.1 Fighting
 - Level 2.0 Throwing
 + Level 3.8 Dodging
 + Level 3.8 Unarmed Combat


You had 3 spell levels left.
You didn't know any spells.
Your spell library contained the following spells:

 Spells                   Type           Power      Damage    Failure   Level
 Vhi's Electric Charge    Tloc/Air       0%         N/A       75%         3
 Arcjolt                  Conj/Air       0%         1d10      100%        5
 Plasma Beam              Fire/Air       0%         2x1d10    100%        6


Dungeon Overview and Level Annotations

Branches:
Dungeon (3/15)

Altars:
Gozag


Innate Abilities, Weirdness & Mutations

You cannot wear most types of armour.
You are amphibious.
You can wear up to eight rings at the same time.
Your skin changes colour to match your surroundings (Stealth+).
Your rubbery body absorbs attacks. (AC +1, EV +1)
((You are camouflaged when in or above water. (Stealth+)))
You have tentacles for arms and can constrict up to eight enemies at once.


Message History

The orc closely misses you.
The orc priest mumbles some strange prayers to Beogh against you.
Beogh smites you!
* * * LOW HITPOINT WARNING * * *
There is a stone staircase leading up here.
The bat barely misses you. The orc hits you with a +0 mace.
* * * LOW HITPOINT WARNING * * *
You climb upwards.
Reactivating autopickup.
There is a stone staircase leading down here.
You tentacle-slap the orc but do no damage.
Your grab misses the orc. The bat hits you.
* * * LOW HITPOINT WARNING * * *
The bat hits you but does no damage. The bat misses you.
The orc closely misses you.
You closely miss the bat. Your grab misses the bat. The bat barely misses you.
The orc misses you.
You barely miss the orc. Your grab misses the orc. The bat hits you.
* * * LOW HITPOINT WARNING * * *
The orc hits you with a +0 mace.
* * * LOW HITPOINT WARNING * * *
You tentacle-slap the orc but do no damage.
Your grab misses the orc. You squeeze the orc.
The orc is heavily wounded.
The bat completely misses you.
You barely miss the orc. You grab the orc.
The orc is heavily wounded.
You constrict the orc, but do no damage.
The bat hits you but does no damage. The orc completely misses you.
You tentacle-slap the orc. You squeeze the orc, but do no damage.
The orc is heavily wounded.
You constrict the orc, but do no damage.
The orc misses you. The bat barely misses you.
You tentacle-slap the orc but do no damage.
You squeeze the orc, but do no damage.
The orc is heavily wounded.
You constrict the orc. The bat barely misses you.
The orc hits you with a +0 mace!
You die...
Your body crumbles into a pile of gold.

#........#
#........########
#...............#
#...............#
#.........>.....#
#...............#####
#...............##...
#..o............##...
#..b@...........##...
#...[...........#....
#####.#..............
#.##.###.#...#...
#.##.###...#..###
#.##........#..##
#.######..#.##.##
#..# ##..#.##..#
######.####..##..##..


You could see an orc and a bat.

Vanquished Creatures
  An orc wizard (D:2)
  3 adders (D:2)
  A bat (D:1)
  4 endoplasms
  A giant cockroach (D:2)
  3 hobgoblins (D:1)
  7 jackals (D:1)
  A quokka (D:2)
  6 ball pythons
  A frilled lizard (D:1)
  4 goblins
  5 kobolds
  2 rats (D:1)
39 creatures vanquished.

Notes
Turn   | Place    | Note
-------+----------+-------------------------------------------
     0 | D:1      | Ethylacetat the Octopode Gladiator began the quest for the
                  | Orb.
     0 | D:1      | Reached XP level 1. HP: 14/14 MP: 1/1
   136 | D:1      | Reached XP level 2. HP: 6/19 MP: 2/2
   612 | D:1      | Reached XP level 3. HP: 25/25 MP: 3/3
  1130 | D:2      | Found a faded altar of an unknown god.
  1139 | D:2      | Prayed at the altar of an unknown god.
  1139 | D:2      | Became a worshipper of Gozag Ym Sagoz the Greedy
  1228 | D:2      | Identified the +3 mace of Checkmate {flame, *Noise rF+
                  | Will++ rCorr}
  1287 | D:2      | Reached XP level 4. HP: 30/30 MP: 4/4
  1570 | D:2      | Slain by an orc

Illustrated notes

Levels and vault maps discovered:
D:1:      dpeg_arrival_rhombus, layout_loops_corners, serial_aquarium,
          aquarium_bridge_straight [aquarium_subvault_bridge,
          aquarium_subvault_wall, aquarium_subvault_bridge,
          aquarium_subvault_window], aquarium_window_2, aquarium_window_corner,
          aquarium_window_corner, aquarium_window_fake, aquarium_view_2d,
          aquarium_view_2c, aquarium_balcony_3a, aquarium_pool_split
D:2:      layout_rooms, nicolae_ecumenical_snake_handling
D:3:      layout_basic, uniq_terence

Skill      XL: |  1  2  3  4 |
---------------+-------------+-----
Fighting       | 3 |  3.1
Throwing       | |  2.0
Dodging        | |  3.8
Unarmed Combat | |  3.8

Action                     |  1- 3 |  4- 6 || total
---------------------------+-------+-------++-------
  Melee: Unarmed           |    69 |    25 ||    94
         Tentacles         |    11 |     8 ||    19
         Constrict         |    15 |     7 ||    22
         Punch             |     1 |       ||     1
   Stab: Sleeping          |     8 |       ||     8
 Armour: Skin              |     3 |     4 ||     7
  Dodge: Dodged            |    45 |    27 ||    72

Table legend: (Time is in decaauts)
 A = Elapsed time spent in this place.
 B = Non-inter-level travel time spent in this place.
 C = Inter-level travel time spent in this place.
 D = Time resting spent in this place.
 E = Time spent auto-exploring this place.
 F = Levels seen in this place.
 G = Mean time per level.
                   A        B        C        D        E       F      G
               +--------+--------+--------+--------+--------+-----+--------+
         Total |   1565 |   1528 |     37 |      0 |   1299 |   3 |  521.7 |
       Dungeon |   1565 |   1528 |     37 |      0 |   1299 |   3 |  521.7 |
               +--------+--------+--------+--------+--------+-----+--------+

Top non-repeatable levels by time:
     D:1: 1099 daAuts
     D:2: 453 daAuts
     D:3: 12 daAuts
